 Dungeon Crawl Stone Soup version 0.30.1-3-gfc49f6343a (webtiles) character file.

Game seed: 1619002405763634166

211 Wiggles the Chopper (level 5, -2/46 HPs)
             Began as a Minotaur Berserker on July 25, 2023.
             Was a Priest of Trog.
             Killed from afar by an orc wizard (12 damage)
             ... with a puff of flame
             ... on level 4 of the Dungeon.
             The game lasted 00:04:40 (3200 turns).

Wiggles the Chopper (Minotaur Berserker)            Turns: 3200, Time: 00:04:40

Health: -2/46      AC:  8    Str: 23    XL:     5   Next: 57%
Magic:  4/4        EV:  9    Int:  4    God:    Trog [***...]
Gold:   188        SH:  0    Dex: 10    Spells: 4/4 levels left

rFire   . . .        a - +0 hand axe
rCold   . . .        (no shield)
rNeg    . . .        o - +0 chain mail
rPois   .            (helmet restricted)
rElec   .            (no cloak)
rCorr   +            (no gloves)
SInv    .            (no boots)
Will    .....        (no amulet) Stlth
                     s - ring of resist corrosion
HPRegen 0.27/turn    (no ring)
MPRegen 0.09/turn

%: no passive effects
@: confused, on berserk cooldown, slowed, very slow
A: horns 2, retaliatory headbutt
a: Renounce Religion, Berserk, Trog's Hand


You were on level 4 of the Dungeon.
You worshipped Trog.
Trog was most pleased with you.
You visited 1 branch of the dungeon, and saw 4 of its levels.

You collected 188 gold pieces.

Inventory:

Hand Weapons
 a - a +0 hand axe (weapon)
Missiles
 b - 4 javelins (quivered)
Armour
 o - a +0 chain mail (worn)
Jewellery
 s - a ring of resist corrosion (left hand)
Scrolls
 c - 6 scrolls of identify {unknown}
 e - 2 scrolls of fear {unknown}
 f - a scroll of noise {unknown}
 k - 4 scrolls of vulnerability {unknown}
 l - a scroll of amnesia {unknown}
 m - a scroll of enchant weapon {unknown}
 p - a scroll of teleportation {unknown}
 q - 2 scrolls of enchant armour {unknown}
 r - 2 scrolls of immolation {unknown}
 u - a scroll of magic mapping {unknown}
Potions
 d - 2 potions of invisibility {unknown}
 g - a potion of might {unknown}
 h - 2 potions of lignification {unknown}
 i - a potion of cancellation {unknown}
 j - 3 potions of curing {unknown}
 n - a potion of flight {unknown}
 t - a potion of brilliance {unknown}


   Skills:
 - Level 3.7 Fighting
 + Level 7.6 Axes
 - Level 2.4 Armour
 - Level 2.2 Dodging


You had 4 spell levels left.
You didn't know any spells.
Your spell library was empty.

Dungeon Overview and Level Annotations

Branches:
Dungeon (4/15)
 Temple: D:4-7

Altars:
Elyvilon
Fedhas
Hepliaklqana
Ru
Sif Muna
Trog
Vehumet
Zin
The Shining One


Innate Abilities, Weirdness & Mutations

You have a pair of horns on your head.
You reflexively headbutt those who attack you in melee.


Message History

You kill the orc!
Trog accepts your kill.
You miss something. You barely miss the orc. You closely miss the orc wizard.
The orc wizard casts a spell.
The orc wizard flickers and vanishes!
Something hits you but does no damage. The orc hits you with a +0 club.
You closely miss something. Your headbutt misses something. You miss something.
You completely miss the orc. Something hits you.
Things that are here:
a +0 club; a +0 war axe; an orc corpse You feel a strong urge to attack something.
You are no longer berserk.
You are exhausted.
You feel yourself slow down.
A magic dart appears from out of thin air!
The magic dart hits you.
* * * LOW HITPOINT WARNING * * *
You closely miss something. You hit the orc but do no damage.
You feel less confused. The orc hits you with a +0 club.
* * * LOW HITPOINT WARNING * * *
You hear some strange, mumbled words.
You hear some strange, mumbled words.
You are confused.
The orc hits you but does no damage. Something completely misses you.
The orc barely misses you.
Something hits you but does no damage. x2
Things that are here:
a +0 club; a +0 war axe; an orc corpse Something hits you but does no damage.
The orc hits you but does no damage.
You barely miss something. You hit something. You hit the orc.
You kill the orc!
Trog accepts your kill.
Something hits you but does no damage. x2
You hear some strange, mumbled words.
Something tries to affect you, but you resist.
You hear some strange, mumbled words.
A puff of flame appears from out of thin air!
The puff of flame hits you!
You die...

..# #.#.#.# #. # #.#
#.#.#.### #. . #.#
#...)...# #. #.#.#
###.###.# #. . ###.#.#
#.###.# #.
..#...#.######.....# #.
...._...##.§.§.....# #.
#._..._)##.###§§.P## #.
.......@{#.# #§§§P# #.
._..⌠.._...# ###§## #.
.........######§§######.
.._.....................
...._:..################
......### ######


There were no monsters in sight!

Vanquished Creatures
  An orc priest (D:4)
  A scorpion zombie (D:4)
  A hound zombie (D:4)
  5 adders
  A shadow imp (D:4)
  An ufetubus (D:4)
  An adder skeleton (D:4)
  3 worms (D:4)
  2 dart slugs
  3 orcs
  8 bats
  7 endoplasms
  6 giant cockroaches
  5 goblins
  7 hobgoblins
  3 quokkas
  6 ball pythons
  A frilled lizard (D:3)
  5 kobolds
  8 rats
75 creatures vanquished.

Notes
Turn   | Place    | Note
-------+----------+-------------------------------------------
     0 | D:1      | Wiggles the Minotaur Berserker began the quest for the Orb.
     0 | D:1      | Reached XP level 1. HP: 19/19 MP: 0/0
   203 | D:1      | Reached skill level 4 in Axes
   323 | D:1      | Reached XP level 2. HP: 27/27 MP: 1/1
   891 | D:2      | Reached skill level 5 in Axes
   915 | D:2      | You fall into a shaft and drop 1 floor!
   936 | D:3      | Identified the +3 flail of Checks and Balances {flame,
                  | +Blink Will+}
   952 | D:3      | Reached XP level 3. HP: 33/33 MP: 2/2
  1074 | D:2      | Reached ** piety under Trog
  1270 | D:2      | Found a hazy altar of Hepliaklqana.
  1874 | D:3      | Found a faded altar of an unknown god.
  1878 | D:3      | Found a bloodstained altar of Trog.
  2014 | D:3      | Reached XP level 4. HP: 40/40 MP: 3/3
  2029 | D:3      | Reached skill level 6 in Axes
  2452 | D:4      | Reached XP level 5. HP: 46/46 MP: 4/4
  2492 | D:4      | Reached skill level 7 in Axes
  2836 | D:4      | Reached *** piety under Trog
  3180 | D:4      | Found a sacrificial altar of Ru.
  3180 | D:4      | Found a white marble altar of Elyvilon.
  3181 | D:4      | Found a glowing golden altar of the Shining One.
  3181 | D:4      | Found a blossoming altar of Fedhas.
  3181 | D:4      | Found a glowing silver altar of Zin.
  3181 | D:4      | Found a radiant altar of Vehumet.
  3182 | D:4      | Found a shimmering blue altar of Sif Muna.
  3200 | D:4      | Killed from afar by an orc wizard

Illustrated notes

Levels and vault maps discovered:
D:1:      onia_arrival_mini_maze, layout_basic
D:2:      layout_basic, basic_altar
D:3:      layout_basic, nicolae_overflow_ecumenical_swirl
D:4:      layout_basic, grunt_temple_overflow_open, serial_undead,
          serial_undead_f, serial_undead_f, serial_undead_b, serial_undead_b

Skill      XL: |  1  2  3  4  5 |
---------------+----------------+-----
Axes           | 4 5 6 7 |  7.6
Fighting       | |  3.7
Armour         | |  2.4
Dodging        | |  2.2

Action                     |  1- 3 |  4- 6 || total
---------------------------+-------+-------++-------
  Melee: Hand axe          |    35 |    64 ||    99
         Headbutt          |     1 |     9 ||    10
  Throw: Javelin           |    47 |    21 ||    68
 Invoke: Berserk           |       |     1 ||     1
 Armour: Animal skin       |     1 |       ||     1
         Ring mail         |    18 |       ||    18
         Chain mail        |     3 |    34 ||    37
  Dodge: Dodged            |    25 |    34 ||    59
